 Dungeon Crawl Stone Soup version 0.16-a0-3935-gf5411c7 (webtiles) character file.

90 Minkie the Conjurer (level 4, 0/33 HPs)
             Began as a Draconian Wizard on Feb 5, 2015.
             Was an Initiate of Vehumet.
             Killed by divine providence
             ... invoked by an orc priest
              (11 damage)
             ... on level 3 of the Dungeon.
             The game lasted 00:10:42 (2656 turns).

Minkie the Conjurer (Draconian Wizard)              Turns: 2656, Time: 00:10:42

Health: 0/33       AC:  6    Str: 10    XL:     4   Next: 32%
Magic:  7/9        EV: 12    Int: 19    God:    Vehumet [......]
Gold:   79         SH:  0    Dex:  9    Spells: 3 memorised, 2 levels left

rFire  . . .     SeeInvis .     t - +0 blowgun
rCold  . . .     Clarity  .     (armour unavailable)
rNeg   . . .     SustAb   .     (no shield)
rPois  .         Gourm    .     b - +0 hat
rElec  .         Spirit   .     (no cloak)
rCorr  .         Warding  .     (no gloves)
rMut   .         Stasis   .     n - +0 pair of boots
MR     .....                    (no amulet)
Stlth  +.........               (no ring)
                                (no ring)

@: not resistant to hostile enchantments, very unstealthy
A: unfitting armour, cold-blooded, AC +5
a: Renounce Religion


You were on level 3 of the Dungeon.
You worshipped Vehumet.
Vehumet was noncommittal.
You were not hungry.

You visited 1 branch of the dungeon, and saw 3 of its levels.

You collected 79 gold pieces.

Inventory:

Hand weapons
 t - a +0 blowgun (weapon)
 u - a +0 short sword
Missiles
 v - 28 poisoned needles (quivered)
Armour
 b - a +0 hat (worn)
 n - a +0 pair of boots (worn)
Scrolls
 e - 4 scrolls of magic mapping {unknown}
 g - a scroll of teleportation {unknown}
 h - 2 scrolls of noise {unknown}
 l - a scroll of remove curse {unknown}
 m - 3 scrolls of identify {unknown}
 o - a scroll of random uselessness {unknown}
 s - a scroll of recharging {unknown}
Potions
 a - 2 potions of might {unknown}
 f - a potion of invisibility {unknown}
 k - a potion of restore abilities {unknown}
 p - a potion of lignification {unknown}
 q - 3 potions of curing {unknown}
 r - a potion of magic {unknown}
Books
 c - a book of Minor Magic

   Spells                             Type                      Level
   a - Magic Dart                     Conjuration                  1
   b - Blink                          Translocation                2
   c - Call Imp                       Summoning                    2
   d - Repel Missiles                 Charms/Air                   2
   e - Slow                           Hexes                        2
   f - Conjure Flame                  Conjuration/Fire             3
   g - Mephitic Cloud                 Conjuration/Poison/Air       3
Comestibles
 d - 3 bread rations
 i - a chunk of flesh
 j - a slice of pizza


   Skills:
 - Level 1.7 Dodging
 - Level 1.7 Stealth
 - Level 3.0 Spellcasting
 * Level 4.0 Conjurations
   Level 1.0 Summonings
   Level 1.0 Translocations
 + Level 0.4 Fire Magic
 + Level 0.4 Air Magic
 + Level 0.2 Poison Magic


You had 2 spell levels left.
You knew the following spells:

 Your Spells              Type           Power        Failure   Level  Hunger
a - Magic Dart            Conj           ###.         3%          1    None
b - Conjure Flame         Conj/Fire      ##......     21%         3    ###....
c - Mephitic Cloud        Conj/Pois/Air  #.......     28%         3    ###....


Dungeon Overview and Level Annotations

Branches:
Dungeon (3/15)

Altars:
Cheibriados
Gozag
Vehumet


Innate Abilities, Weirdness & Mutations

Your plain brown scales are hard (AC +5).
Your body does not fit into most forms of armour.
Your cold-blooded metabolism reacts poorly to cold.


Message History

Press: ? - help, Shift-Dir - straight line, f - orc priest
Aim: an orc priest, wielding a flail You shoot a poisoned needle.
The poisoned needle closely misses the orc priest.
Firing (i - inventory):
v - 30 poisoned needles (quivered)
Press: ? - help, Shift-Dir - straight line, f - orc
Aim: an orc, wielding a mace You shoot a poisoned needle.
The poisoned needle hits the orc!
The orc is poisoned.
You hear some strange, mumbled words.
The magic dart hits you!
Firing (i - inventory):
v - 29 poisoned needles (quivered)
Press: ? - help, Shift-Dir - straight line, f - orc priest
Aim: an orc priest, wielding a flail You shoot a poisoned needle.
The poisoned needle hits the orc priest.
The orc priest is poisoned.
The orc priest mumbles some strange prayers to Beogh against you.
Something smites you!
You die...

#......##### #?....#
##.#..#### #.....#
###.#.....# #....(#
.....#..#.# #.....#
####.#....#
###(.(####.#
........###
#...o(.{oo_. .[......#
#####)######.#
.......## #...÷.#
##.....# #...@.#
##.##..######.....#
##.##.......#....##
.....#......#....######
.....+>..........†....#
.....#####.###........#
###### #.# #........#
#.# #....##### #.#
#....#


You could see an orc priest.

Vanquished Creatures
  Jessica (D:2)
  2 adders (D:2)
  2 worms
  2 giant geckos (D:2)
  An orc (D:3)
  4 hobgoblins
  A jackal (D:3)
  2 kobolds
  9 bats
  4 giant cockroaches
  A giant newt (D:2)
  7 goblins
  7 rats
43 creatures vanquished.

Notes
Turn   | Place    | Note
--------------------------------------------------------------
     0 | D:1      | Minkie, the Draconian Wizard, began the quest for the Orb.
     0 | D:1      | Reached XP level 1. HP: 14/14 MP: 4/4
   122 | D:1      | You fall through a shaft!
   294 | D:1      | Reached XP level 2. HP: 20/20 MP: 1/6
  1095 | D:2      | Reached XP level 3. HP: 26/26 MP: 3/7
  1371 | D:2      | Found a radiant altar of Vehumet.
  1531 | D:2      | Became a worshipper of Vehumet
  1824 | D:2      | Noticed Jessica
  1828 | D:2      | Killed Jessica
  1833 | D:2      | Learned a level 3 spell: Conjure Flame
  1837 | D:2      | Learned a level 3 spell: Mephitic Cloud
  1947 | D:2      | Reached skill level 4 in Conjurations
  1947 | D:2      | Reached XP level 4. HP: 33/33 MP: 3/9
  2298 | D:3      | Found a snail-covered altar of Cheibriados.
  2637 | D:3      | Found an opulent altar of Gozag.
  2656 | D:3      | Killed from afar by an orc priest

Action                   |  1- 3 |  4- 6 || total
-------------------------+-------+-------++-------
Melee: Dagger            |    52 |       ||    52
       Unarmed           |     4 |       ||     4
       Short sword       |       |     3 ||     3
 Fire: Blowgun           |       |     6 ||     6
 Cast: Magic Dart        |    55 |    17 ||    72
 Stab: Sleeping          |     1 |     1 ||     2
  Eat: Chunk             |     3 |     2 ||     5
